 Dungeon Crawl Stone Soup version 0.27.1-16-g815e20cd7a (webtiles) character file.

Game seed: 13861095632542325150

97 pkoi the Insei (level 4, -3/38 HPs)
             Began as a Draconian Monk on Nov 24, 2021.
             Slain by a wyvern (8 damage)
             ... on level 4 of the Dungeon.
             The game lasted 00:03:07 (3021 turns).

pkoi the Insei (Draconian Monk)                     Turns: 3021, Time: 00:03:08

Health: -3/38      AC:  5    Str: 13    XL:     4   Next: 42%
Magic:  0/4        EV: 13    Int: 11    God:
Gold:   133        SH:  0    Dex: 14    Spells: 3/3 levels left

rFire    . . .     SeeInvis .     - Unarmed
rCold    . . .     Faith    .   (no shield)
rNeg     . . .     Spirit   +   (armour unavailable)
rPois    .         Reflect  .   (helmet restricted)
rElec    .         Harm     .   (no cloak)
rCorr    .         Rampage  .   (no gloves)
Will     .....                  (no boots)
Stlth    ++........             h - amulet of guardian spirit
HPRegen  0.12/turn              (no ring)
MPRegen  0.09/turn              (no ring)

@: attractive
A: AC +5, unfitting armour, cold-blooded
a: no special abilities


You were on level 4 of the Dungeon.
You visited 1 branch of the dungeon, and saw 5 of its levels.

You collected 133 gold pieces.

Inventory:

Hand Weapons
 g - a +2 vorpal hunting sling
Jewellery
 h - an amulet of guardian spirit (around neck)
Wands
 d - a wand of flame (12)
Scrolls
 b - 3 scrolls of identify
 e - a scroll of fear
Potions
 c - a potion of lignification
 f - 2 potions of might
 i - a potion of curing


   Skills:
 - Level 3.2 Fighting
 + Level 2.9 Dodging
 - Level 1.7 Stealth
 * Level 5.1 Unarmed Combat


You had 3 spell levels left.
You didn't know any spells.
Your spell library contained the following spells:

 Spells                   Type           Power      Damage    Failure   Level
 Static Discharge         Conj/Air       0%         N/A       47%         2
 Dispel Undead            Necr           0%         3d6       98%         4
 Leda's Liquefaction      Hex/Erth       0%         N/A       98%         4
 Sticky Flame             Conj/Fire      0%         2d3       98%         4
 Bolt of Magma            Conj/Fire/Erth 0%         4d4       100%        5
 Statue Form              Tmut/Erth      0%         N/A       100%        6


Dungeon Overview and Level Annotations

Branches:
Dungeon (5/15)
 Temple: D:4-7

Altars:

Annotations:
D:4 Natasha


Innate Abilities, Weirdness & Mutations

Your plain brown scales are hard. (AC +5)
You cannot fit into any form of body armour.
You are cold-blooded and may be slowed by cold attacks.


Message History

You feel sick. The adder bites you.
You feel sick.
You are no longer poisoned.
You hear some strange, mumbled words.
A puff of flame appears from out of thin air!
The puff of flame hits you! The adder closely misses you.
There is a stone staircase leading up here.
The adder bites you but does no damage.
You climb upwards.
The orc shouts!
Reactivating autopickup.
You hear an angry hiss.
Found a hand axe.
There is a stone staircase leading down here.
Okay, then.
Unknown command.
As you read the scroll of fog, it crumbles to dust.
The scroll dissolves into smoke.
The wyvern hisses angrily.
The endoplasm quivers.
The adder bites you but does no damage.
Natasha, Servant of Life and Death comes into view.
The adder barely misses you.
Found a white potion.
The adder closely misses you.
Natasha mumbles some strange words.
The crimson imp blinks!
The adder barely misses you. The wyvern bites you!
* * * LOW HITPOINT WARNING * * *
You see here a white potion.
a - a white potion The wyvern barely misses you.
The wyvern bites you!
* * * LOW HITPOINT WARNING * * *
It was a potion of attraction.
You feel attractive to monsters. The wyvern bites you!
You die...

.............#
.............#
^............#
............####
...........##@#
#.5.....###l# .
#........#SJ## #.
##§..h........#
#..##§.§..o..#..#.#
#..§§§§§...........
#.§§§§§......#.#.##
....§#§§§§.....#.#.#
..)l.#§§.....#...#.#


You could see a wyvern, an adder and an endoplasm.

Vanquished Creatures
  Robin (D:1)
  2 adders (D:2)
  2 worms
  2 dart slugs
  5 bats
  3 endoplasms
  A giant cockroach (D:2)
  13 hobgoblins
  A quokka (D:1)
  6 ball pythons
  2 frilled lizards
  9 goblins
  6 kobolds
  6 rats
59 creatures vanquished.

Notes
Turn   | Place    | Note
-------+----------+-------------------------------------------
     0 | D:1      | pkoi the Draconian Monk began the quest for the Orb.
     0 | D:1      | Reached XP level 1. HP: 19/19 MP: 1/1
   226 | D:1      | Reached XP level 2. HP: 25/26 MP: 2/2
   557 | D:1      | Found a faded altar of an unknown god.
  1164 | D:1      | Reached skill level 4 in Unarmed Combat
  1300 | D:2      | Reached XP level 3. HP: 31/31 MP: 3/3
  1523 | D:2      | Noticed Robin
  1582 | D:1      | Killed Robin
  2219 | D:2      | Reached XP level 4. HP: 32/38 MP: 4/4
  2368 | D:2      | Reached skill level 5 in Unarmed Combat
  2994 | D:3      | You fall into a shaft and drop 2 floors!
  2994 | D:5      | Entered Level 5 of the Dungeon
  3006 | D:4      | Noticed a wyvern
  3007 | D:4      | Noticed Natasha
  3021 | D:4      | Slain by a wyvern

Illustrated notes

Levels and vault maps discovered:
D:1:      amcnicky_arrival_single_pillar, layout_basic,
          hellmonk_ecumenical_altar_prayer_group
D:2:      layout_basic, dk_noncrumbling_2, minmay_crystal_water,
          chequers_serial_rivers_small_a, uniq_robin
D:3:      minmay_general_purpose_star, layout_basic,
          lemuel_coloured_pillars_altar, minmay_starry_boxes
D:4:      layout_rooms, gammafunk_temple_overflow_statue, uniq_natasha
D:5:      layout_loops_ring, grunt_qazlal_clouds,
          minmay_temple_entry_gardened_gates, serial_rivers,
          chequers_serial_rivers_micro_a, chequers_serial_rivers_micro_c,
          chequers_serial_rivers_micro_c, chequers_serial_rivers_small_3,
          chequers_serial_rivers_micro_d, chequers_serial_rivers_room_a,
          nicolae_ossuary_entry_catacombs, chequers_hall_statues_wall_a,
          minmay_misc_feat_more_columns, uniq_eustachio

Skill      XL: |  1  2  3  4 |
---------------+-------------+-----
Unarmed Combat | 4 5 |  5.1
Fighting       | |  3.2
Dodging        | |  2.9
Stealth        | |  1.7

Action                   |  1- 3 |  4- 6 || total
-------------------------+-------+-------++-------
Melee: Unarmed           |   146 |    45 ||   191
       Tailslap          |    11 |     5 ||    16
       Punch             |     5 |       ||     5
  Use: Potion            |     2 |     1 ||     3
       Scroll            |       |     7 ||     7
 Stab: Sleeping          |     4 |     1 ||     5
Armor: Skin              |    34 |    12 ||    46
Dodge: Dodged            |    82 |    42 ||   124
